 Dungeon Crawl Stone Soup version 0.32-a0-799-g95e1662365 (webtiles) character file.

Game seed: 17468947949098971440

2221 jestert79 the Summoner (level 9, 19/65 HPs)
             Began as a Barachi Summoner on Mar 21, 2024.
             Quit the game on level 7 of the Dungeon.
             The game lasted 00:30:47 (6456 turns).

jestert79 the Summoner (Barachi Summoner)           Turns: 6456, Time: 00:30:48

Health: 19/65      AC:  8    Str:  9    XL:     9   Next: 35%
Magic:  12/12      EV: 13    Int: 17    God:
Gold:   375        SH:  0    Dex: 16    Spells: 2/12 levels left

rFire   . . .        l - +3 short sword (venom)
rCold   . . .        (no shield)
rNeg    . . .        a - +0 robe
rPois   .            (no helmet)
rElec   .            (no cloak)
rCorr   .            (no gloves)
SInv    .            k - +1 pair of boots
Will    .....        t - amulet of regeneration
Stlth   ++           p - +4 ring of protection
HPRegen 1.10/turn    (no ring)
MPRegen 0.13/turn

%: no passive effects
@: slow
A: amphibious, slowness 1, strong legs 1, +LOS
a: Hop


You were on level 7 of the Dungeon.
You visited 2 branches of the dungeon, and saw 8 of its levels.

You collected 375 gold pieces.

Inventory:

Hand Weapons
 h - a +0 scimitar of protection
 l - a +3 short sword of venom (weapon)
Missiles
 e - 12 poisoned darts
 i - 5 curare-tipped darts
Armour
 a - a +0 robe (worn)
 k - a +1 pair of boots (worn)
 v - an orb of mayhem
Magical Staves
 c - a staff of fire
Jewellery
 p - a +4 ring of protection (left hand)
 t - an amulet of regeneration (around neck)
 y - an amulet of reflection
 F - an amulet of faith
Wands
 D - a wand of polymorph (6)
Scrolls
 d - a scroll of identify
 g - a scroll of amnesia
 r - a scroll of enchant armour
 u - 2 scrolls of fog
 E - 2 scrolls of blinking
Potions
 b - a potion of magic
 f - 2 potions of degeneration
 n - 2 potions of enlightenment
 q - a potion of mutation
 s - 6 potions of might
 w - a potion of heal wounds {unknown}
 z - a potion of ambrosia {unknown}
 A - a potion of lignification
 B - a potion of resistance
 C - 2 potions of curing


   Skills:
 + Level 4.2 Fighting
 + Level 5.5 Short Blades
 + Level 4.5 Dodging
 - Level 1.7 Stealth
 - Level 2.1 Spellcasting
 - Level 10.4 Summonings
 - Level 6.0 Fire Magic


You had 2 spell levels left.
You knew the following spells:

 Your Spells              Type           Power      Damage    Failure   Level
a - Summon Small Mammal   Summ           100%       N/A       1%          1
b - Call Imp              Summ           74%        N/A       1%          2
c - Call Canine Familiar  Summ           37%        N/A       1%          3
d - Summon Blazeheart Go  Fire/Summ      29%        N/A       6%          4

Your spell library contained the following spells:

 Spells                   Type           Power      Damage    Failure   Level
 Summon Ice Beast         Ice/Summ       19%        N/A       7%          3
 Summon Lightning Spire   Summ/Air       19%        N/A       22%         4
 Hailstorm                Conj/Ice       1%         3d5       50%         3
 Permafrost Eruption      Ice/Erth       0%         2x4d2     100%        6
 Sculpt Simulacrum        Ice/Alch       0%         N/A       100%        6


Dungeon Overview and Level Annotations

Branches:
Dungeon (7/15)             Temple (1/1) D:5

Altars:
Ashenzari
Elyvilon
Nemelex Xobeh
Okawaru
Qazlal
Ru
Wu Jian
Xom
Zin
The Shining One


Innate Abilities, Weirdness & Mutations

You are amphibious.
You cover ground slowly.
You can hop short distances.
You have an extended range of vision and can be seen from far away.


Message History

The neqoxec misses you.
Your surroundings suddenly seem different.
You start resting.
You feel yourself speed up.
You start resting.
Magic restored.
Your cerulean imp disappears in a puff of smoke!
HP restored.
Your familiar recovers from its injuries.
Found a stone staircase leading down.
d - a scroll of identify Beogh throws implements of electrocution at you.
A +0 spear of electrocution and a +0 great sword of electrocution come into view.
There are monsters nearby!
There are monsters nearby!
You closely miss the +0 spear of electrocution.
Unknown command.
You closely miss the +0 spear of electrocution.
The +0 spear of electrocution hits you.
Unknown command.
You hit the +0 spear of electrocution.
The +0 spear of electrocution is lightly damaged.
The +0 spear of electrocution hits you but does no damage.
The +0 great sword of electrocution hits you!!
You hit the +0 spear of electrocution but do no damage.
The +0 spear of electrocution hits you.
The +0 spear of electrocution barely misses you.
Unknown command.
You hit the +0 spear of electrocution.
The +0 spear of electrocution is moderately damaged.
The +0 great sword of electrocution closely misses you.
The +0 spear of electrocution hits you but does no damage.
Unknown command.
You barely miss the +0 spear of electrocution.
The +0 spear of electrocution is moderately damaged.
The +0 spear of electrocution hits you.
The +0 great sword of electrocution hits you!
* * * LOW HITPOINT WARNING * * *
Unknown command.
Are you sure you want to abandon this character and quit the game? (Confirm with "yes".)

..#.....##.....###.###.##.##..
...........##...........>....
.#..........................#
##.##..##....##............#
## ##<.##..###....#.......#
#...#..###...####.....#
#...........## #######
#.....((.#...# ###...@..#...#
##.#.####### # ###


You could see 2 dancing weapons.

Vanquished Creatures
  A water moccasin (D:5)
  An orc warrior (D:7)
  An ice beast (D:6)
  2 black bears
  3 scorpions
  6 killer bees
  A howler monkey (D:6)
  A hound (D:4)
  2 orc priests (D:4)
  Jessica (D:2)
  Terence (D:2)
  Natasha (twice) (D:2 D:1)
  3 iguanas (D:6)
  5 adders
  A dart slug (D:3)
  8 orcs
  A bat (D:1)
  4 endoplasms
  A giant cockroach (D:1)
  6 goblins
  10 hobgoblins
  3 jackals
  4 kobolds
  3 quokkas
  5 ball pythons
  A frilled lizard (D:1)
  A rat (D:3)
78 creatures vanquished.

Vanquished Creatures (collateral kills)
  Sigmund (D:2)
  A water moccasin (D:6)
  A sky beast (D:7)
  A centaur (D:5)
  A bullfrog (D:6)
  A scorpion (D:5)
  2 killer bees (D:5)
  2 hounds
  An orc priest (D:6)
  2 iguanas
  Natasha (D:2)
  A sleepcap (D:5)
  5 adders
  2 shadow imps (D:7)
  A white imp (D:6)
  A dart slug (D:1)
  A ribbon worm (D:2)
  8 orcs
  5 bats
  2 endoplasms (D:1)
  A giant cockroach (D:1)
  3 goblins
  3 hobgoblins
  4 jackals
  3 kobolds (D:2)
  3 ball pythons
  A frilled lizard (D:1)
58 creatures vanquished.

Vanquished Creatures (others)
  6 blazeheart cores
6 creatures vanquished.

Grand Total: 142 creatures vanquished

Notes
Turn   | Place    | Note
-------+----------+-------------------------------------------
     0 | D:1      | jestert79 the Barachi Summoner began the quest for the Orb.
     0 | D:1      | Reached XP level 1. HP: 13/13 MP: 3/3
   111 | D:1      | Reached skill level 5 in Summonings
   330 | D:1      | Reached XP level 2. HP: 14/19 MP: 3/5
   626 | D:1      | Learned a level 2 spell: Call Imp
   852 | D:1      | Reached XP level 3. HP: 24/24 MP: 6/6
   884 | D:1      | Learned a level 3 spell: Call Canine Familiar
   908 | D:1      | Reached skill level 6 in Summonings
  1091 | D:2      | Noticed Natasha
  1107 | D:2      | Killed Natasha
  1108 | D:2      | Reached skill level 1 in Short Blades
  1108 | D:2      | Reached XP level 4. HP: 27/30 MP: 2/7
  1199 | D:2      | Noticed Terence
  1213 | D:2      | Killed Terence
  1371 | D:2      | Noticed Jessica
  1390 | D:2      | Noticed Natasha
  1392 | D:2      | Killed Jessica
  1393 | D:2      | Reached XP level 5. HP: 29/35 MP: 1/8
  1400 | D:2      | Killed Natasha
  1401 | D:2      | Reached skill level 7 in Summonings
  1996 | D:2      | Reached XP level 6. HP: 30/41 MP: 3/9
  2116 | D:2      | Noticed Natasha
  2143 | D:1      | Killed Natasha
  2218 | D:2      | Noticed Sigmund
  2263 | D:2      | Killed Sigmund
  2264 | D:2      | Reached skill level 1 in Fighting
  2264 | D:2      | Reached XP level 7. HP: 21/49 MP: 2/10
  2773 | D:3      | Found a white marble altar of Elyvilon.
  2775 | D:3      | Found a glowing golden altar of the Shining One.
  2777 | D:3      | Found a glowing silver altar of Zin.
  3005 | D:3      | Learned a level 4 spell: Summon Blazeheart Golem
  3128 | D:4      | Reached skill level 8 in Summonings
  3128 | D:4      | Reached skill level 1 in Fire Magic
  3410 | D:4      | Became a worshipper of Beogh the Shepherd
  3410 | D:4      | Was placed under penance by Beogh
  3863 | D:5      | Entered Level 5 of the Dungeon
  3888 | D:5      | Found a staircase to the Ecumenical Temple.
  4407 | D:5      | Reached skill level 9 in Summonings
  4407 | D:5      | Reached XP level 8. HP: 56/56 MP: 5/11
  5122 | D:5      | Fell from the grace of Beogh
  5193 | Temple   | Entered the Ecumenical Temple
  5481 | D:6      | Reached skill level 5 in Fire Magic
  5582 | D:6      | Reached skill level 10 in Summonings
  5777 | D:6      | Identified a scroll of acquirement
  5777 | D:6      | Acquired a staff of fire
  5968 | D:6      | Reached XP level 9. HP: 57/62 MP: 12/12
  6197 | D:7      | Reached skill level 5 in Short Blades
  6399 | D:7      | Noticed Warbeogh
  6399 | D:7      | Noticed an orc sorcerer
  6401 | D:7      | Noticed a red devil
  6403 | D:7      | Noticed a hellwing
  6450 | D:7      | Noticed a +0 spear of electrocution
  6450 | D:7      | Noticed a +0 great sword of electrocution
  6456 | D:7      | Quit the game

Illustrated notes

Levels and vault maps discovered:
D:1:      minmay_arrival_checkered_box, layout_loops_ring,
          minmay_misc_feat_diagonals, hex_medium
D:2:      layout_basic, minmay_heptomino_h4, uniq_jessica, uniq_sigmund,
          uniq_terence, uniq_natasha
D:3:      layout_rooms, good_gods_mini_temple, minmay_liquid_box, minmay_cupped
D:4:      layout_loops_cross, kennysheep_crisscross
D:5:      layout_layer_cave, temple_fountains
D:6:      layout_rooms
D:7:      layout_cave_pools, dk_rats_in_the_wall
Temple:   nicolae_temple_bog_church

Skill      XL: |  1  2  3  4  5  6  7  8  9 |
---------------+----------------------------+-----
Summonings     | 5 6 7 9 10 | 10.4
Short Blades   | 1 2 3 4 5 |  5.5
Fighting       | 1 2 4 |  4.2
Dodging        | 3 4 |  4.5
Fire Magic     | 3 6 |  6.0
Stealth        | |  1.7
Spellcasting   | |  2.1

Action                     |  1- 3 |  4- 6 |  7- 9 || total
---------------------------+-------+-------+-------++-------
  Melee: Unarmed           |    27 |       |       ||    27
         Punch             |     1 |       |       ||     1
         Mace              |    30 |       |       ||    30
         Dagger            |     5 |       |       ||     5
         Short sword       |       |    71 |   187 ||   258
   Cast: Summon Small Mamm |    19 |       |       ||    19
         Call Imp          |     2 |    10 |    23 ||    35
         Call Canine Famil |     1 |     8 |    19 ||    28
         Summon Blazeheart |       |       |     7 ||     7
 Invoke: Convert to Beogh  |       |       |     1 ||     1
    Use: Scroll            |       |       |    18 ||    18
         Potion            |       |       |     2 ||     2
   Stab: Sleeping          |     1 |       |       ||     1
         Distracted        |     1 |     1 |     2 ||     4
 Armour: Robe              |    57 |    63 |   131 ||   251
  Dodge: Dodged            |    68 |    59 |   112 ||   239

Table legend: (Time is in decaauts)
 A = Elapsed time spent in this place.
 B = Non-inter-level travel time spent in this place.
 C = Inter-level travel time spent in this place.
 D = Time resting spent in this place.
 E = Time spent auto-exploring this place.
 F = Levels seen in this place.
 G = Mean time per level.
                   A        B        C        D        E       F      G
               +--------+--------+--------+--------+--------+-----+--------+
         Total |   7235 |   7038 |    197 |   1059 |   4216 |   8 |  904.4 |
       Dungeon |   7233 |   7037 |    196 |   1059 |   4216 |   7 | 1033.3 |
        Temple |      1 |      1 |      0 |      0 |      0 |   1 |    1.0 |
               +--------+--------+--------+--------+--------+-----+--------+

Top non-repeatable levels by time:
     D:5: 1888 daAuts
     D:2: 1492 daAuts
     D:1: 1253 daAuts
     D:4: 980 daAuts
     D:6: 671 daAuts
     D:3: 653 daAuts
     D:7: 295 daAuts
  Temple: 1 daAuts
